 Dungeon Crawl Stone Soup version 0.22-a0-252-gcace5d2 (webtiles) character file.

5049 tilp the Spear-Bearer (level 10, -9/71 HPs)
             Began as a Merfolk Ice Elementalist on Mar 2, 2018.
             Was a Believer of Makhleb.
             Killed from afar by Erica (12 damage)
             ... with a bolt of poison
             ... on level 8 of the Dungeon.
             The game lasted 00:47:13 (12992 turns).

tilp the Spear-Bearer (Merfolk Ice Elementalist)   Turns: 12992, Time: 00:47:14

Health: -9/71      AC: 15    Str:  9    XL:     10   Next: 56%
Magic:  1/13       EV: 15    Int: 17    God:    Makhleb [**....]
Gold:   295        SH:  0    Dex: 15    Spells: 4/13 levels left

rFire    + . .     SeeInvis .   g - +0 spear
rCold    + . .     Gourm    .   (no shield)
rNeg     + . .     Faith    .   C - +1 leather armour {rC+}
rPois    .         Spirit   .   k - +1 helmet
rElec    .         Reflect  .   f - +0 cloak
rCorr    .         Harm     .   n - +0 pair of gloves
MR       .....                  (no boots)
Stlth    ++........             s - macabre finger necklace {rN+}
HPRegen  0.21/turn              (no ring)
MPRegen  0.13/turn              v - ring of protection from fire
                                (no ring)

@: lethally poisoned (-9 -> -22), icy armour, slow
A: change form in water, swift swim, stealthy swim
a: Minor Destruction, Renounce Religion


You were on level 8 of the Dungeon.
You worshipped Makhleb.
Makhleb was pleased with you.
You were very hungry.

You visited 2 branches of the dungeon, and saw 9 of its levels.
You also visited: Sewer.

You collected 555 gold pieces.
You spent 260 gold pieces at shops.

Inventory:

Hand Weapons
 b - a +0 dagger of venom
 d - a +0 trident
 g - a +0 spear (weapon)
 G - a +1 halberd
Missiles
 a - 4 javelins (quivered)
 j - 5 tomahawks
 u - 8 silver tomahawks
 w - 80 sling bullets
 B - 3 poisoned tomahawks
Armour
 f - a +0 cloak (worn)
 k - a +1 helmet (worn)
 n - a +0 pair of gloves (worn)
 r - a scarf of cloud immunity
 C - a +1 leather armour of cold resistance (worn)
Jewellery
 s - the macabre finger necklace (around neck) {rN+}
   (You took it off an orc on level 7 of the Dungeon)

   [amulet of nothing]

   It protects you from negative energy.
 v - a ring of protection from fire (right hand)
Wands
 e - a wand of flame (13)
 z - a wand of iceblast (10)
Scrolls
 h - a scroll of immolation
 i - 2 scrolls of teleportation
 l - 4 scrolls of remove curse
 m - a scroll of magic mapping
 y - a scroll of enchant armour {unknown}
 A - a scroll of blinking
 D - 2 scrolls of amnesia
 E - a scroll of enchant weapon
 F - 2 scrolls of fear
Potions
 o - 7 potions of flight
 p - a potion of magic
 t - a potion of brilliance
Comestibles
 c - 8 rations


   Skills:
 - Level 4.0 Fighting
 - Level 12.1 Polearms
 - Level 6.0 Dodging
 - Level 2.1 Stealth
 - Level 2.0 Spellcasting
 - Level 2.6 Conjurations
 - Level 4.0 Charms
 - Level 3.9 Necromancy
 + Level 9.9 Ice Magic


You had 4 spell levels left.
You knew the following spells:

 Your Spells              Type           Power        Failure   Level  Hunger
a - Freeze                Ice            ####         1%          1    #......
b - Throw Frost           Conj/Ice       ###...       3%          2    ###....
c - Ozocubu's Armour      Chrm/Ice       ####....     4%          3    ###....
d - Regeneration          Chrm/Necr      ###.......   16%         3    ###....


Dungeon Overview and Level Annotations

Branches:
Dungeon (8/15)             Temple (1/1) D:5
   Lair: D:8-11

Altars:
Ashenzari
Cheibriados
Dithmenos
Elyvilon
Fedhas
Gozag
Hepliaklqana
Kikubaaqudgha
Makhleb
Nemelex Xobeh
Okawaru
Qazlal
Ru
Sif Muna
Trog
Uskayaw
Wu Jian
Xom
Yredelemnul
Zin
The Shining One

Shops:
D:4 !   D:5 [

Annotations:
D:4 unexplored castle w Menkaure, Menkaure
D:5 confidenceinterval's ghost, novice MfSu
D:7 2 runed doors
D:8 Erica


Message History

Aiming: Freeze (safe; 1% risk of failure)
Press: ? - help, Shift-Dir - straight line You freeze something.
Something hits you!
* * * LOW HITPOINT WARNING * * *
Something burns you.
* * * LOW HITPOINT WARNING * * *
The heat melts your icy armour.
You feel better. Something hits you!
* * * LOW HITPOINT WARNING * * *
The heat melts your icy armour.
Casting: Freeze (safe; 1% risk of failure)
Confirm with . or Enter, or press ? or * to list all spells.
Aiming: Freeze (safe; 1% risk of failure)
Press: ? - help, Shift-Dir - straight line You freeze something.
You hear some strange, mumbled words.
A bolt of poison appears from out of thin air!
The bolt of poison hits you!
You are lethally poisoned!
You die...

..#...#..# ........##
############.# #
#...##.# #.##
####......# #..#
........### ##.#
####.....## #.#
##.....#..# #{#
..(#>..##.## #@#
####...##..# #<#
#####.####.#####.#
#.....####..##...#
..#####..........#
.###....####)##..##
###..##### #......###
.........####[.#....#
##.####.......##....#


There were no monsters in sight!

Vanquished Creatures
  Pikel (D:7)
  The ghost of erloom the Fighter, an amateur GnWn (D:6)
  A hippogriff (D:7)
  A wyvern (D:8)
  Grum (D:8)
  Edmund (D:5)
  Duvessa (D:6)
  A water moccasin (D:8)
  3 sky beasts
  3 orc warriors
  A black bear (D:6)
  2 ice beasts
  5 ogres
  A slave (D:7)
  2 wolves
  A centaur (D:8)
  A big kobold (Sewer)
  5 bullfrogs
  A wyvern zombie (D:6)
  A water moccasin zombie (D:8)
  Dowan (D:6)
  3 scorpions
  5 killer bees (D:8)
  2 howler monkeys
  A crimson imp (D:5)
  4 hounds
  A bullfrog skeleton (D:5)
  3 orc wizards
  An orc priest (D:7)
  A centaur skeleton (D:7)
  4 iguanas
  Terence (D:3)
  7 worker ants
  3 hound skeletons
  12 gnolls (D:4)
  A river rat (Sewer)
  8 adders
  An ooze (D:2)
  6 worms
  2 adder skeletons (D:4)
  3 dart slugs
  4 leopard geckos
  29 orcs
  6 giant cockroaches
  39 goblins
  25 hobgoblins
  14 jackals
  14 kobolds
  2 ball pythons
  6 bats
  4 frilled lizards
  A leopard gecko skeleton (D:5)
  A quokka skeleton (D:5)
  8 rats
257 creatures vanquished.

Vanquished Creatures (others)
  3 slaves (D:8)
  A wolf (D:8)
  A scorpion (D:8)
  An adder (D:8)
6 creatures vanquished.

Grand Total: 263 creatures vanquished

Notes
Turn   | Place    | Note
-------+----------+-------------------------------------------
     0 | D:1      | tilp the Merfolk Ice Elementalist began the quest for the Orb.
     0 | D:1      | Reached XP level 1. HP: 13/13 MP: 3/3
   348 | D:1      | Reached XP level 2. HP: 4/19 MP: 0/5
   357 | D:1      | Learned a level 2 spell: Throw Frost
  1469 | D:2      | Reached XP level 3. HP: 24/24 MP: 6/6
  1481 | D:2      | Learned a level 3 spell: Ozocubu's Armour
  1816 | D:2      | Reached skill level 5 in Ice Magic
  1983 | D:2      | Reached XP level 4. HP: 30/30 MP: 0/7
  2755 | D:3      | Noticed Terence
  2764 | D:3      | Killed Terence
  2764 | D:3      | Reached XP level 5. HP: 35/35 MP: 0/8
  3579 | D:4      | Found Olias's Distillery.
  3589 | D:4      | Reached XP level 6. HP: 34/41 MP: 3/9
  3793 | D:4      | Bought a potion of might for 52 gold pieces
  3793 | D:4      | Bought a potion of curing for 39 gold pieces
  3793 | D:4      | Noticed Menkaure
  3825 | D:4      | Reached skill level 1 in Fighting
  4179 | D:4      | Found a sacrificial altar of Ru.
  5004 | D:4      | Reached XP level 7. HP: 44/54 MP: 6/10
  5412 | D:4      | Reached skill level 5 in Dodging
  5772 | D:5      | Entered Level 5 of the Dungeon
  5908 | D:5      | Reached skill level 1 in Polearms
  5964 | D:5      | Noticed Edmund
  5973 | D:5      | Noticed confidenceinterval's ghost (novice MfSu)
  6010 | D:5      | Reached skill level 2 in Polearms
  6017 | D:5      | Reached skill level 4 in Polearms
  6017 | D:5      | Reached XP level 8. HP: 59/60 MP: 0/11
  6245 | D:4      | Bought a potion of heal wounds for 65 gold pieces
  6245 | D:4      | Bought a potion of agility for 52 gold pieces
  6245 | D:4      | Bought a potion of brilliance for 52 gold pieces
  6309 | D:4      | Reached skill level 5 in Polearms
  6477 | D:5      | Reached skill level 6 in Polearms
  6692 | D:5      | Found a blossoming altar of Fedhas.
  6776 | D:5      | Found a staircase to the Ecumenical Temple.
  6782 | Temple   | Entered the Ecumenical Temple
  6921 | Temple   | Became a worshipper of Makhleb the Destroyer
  6967 | D:5      | Found Dapiev's Antique Armour Shoppe.
  6987 | D:5      | Reached skill level 7 in Polearms
  7028 | D:5      | Killed Edmund
  7260 | D:6      | Reached skill level 8 in Polearms
  7371 | D:6      | Noticed Duvessa
  7371 | D:6      | Noticed Dowan
  7391 | D:6      | Killed Duvessa
  7396 | D:6      | Killed Dowan
  7416 | D:6      | HP: 2/60 [phantom (7)]
  7430 | D:6      | Found a glowing drain.
  7593 | Sewer    | Entered a sewer
  8024 | Sewer    | Found a glowing silver altar of Zin.
  8519 | D:6      | Noticed erloom's ghost (amateur GnWn)
  8585 | D:6      | Killed erloom's ghost
  8585 | D:6      | Reached skill level 9 in Polearms
  8585 | D:6      | Reached XP level 9. HP: 23/65 MP: 5/12
  8880 | D:6      | Reached * piety under Makhleb
  8888 | D:6      | Reached skill level 10 in Polearms
  9680 | D:6      | Reached skill level 11 in Polearms
 10059 | D:6      | Found an iron altar of Okawaru.
 10062 | D:6      | Found a basalt altar of Yredelemnul.
 10065 | D:6      | Found a shadowy altar of Dithmenos.
 10066 | D:6      | Found a hazy altar of Hepliaklqana.
 10066 | D:6      | Found an opulent altar of Gozag.
 10067 | D:6      | Found a glowing silver altar of Zin.
 10072 | D:6      | Found a sparkling altar of Nemelex Xobeh.
 10073 | D:6      | Found a snail-covered altar of Cheibriados.
 10482 | D:7      | Found a runed door.
 10519 | D:7      | Found a runed door.
 10558 | D:7      | Reached skill level 12 in Polearms
 10643 | D:7      | Reached skill level 1 in Conjurations
 10709 | D:7      | Learned a level 3 spell: Regeneration
 10841 | D:7      | Reached skill level 1 in Necromancy
 11115 | D:8      | Noticed Pikel
 11196 | D:7      | Killed Pikel
 11196 | D:7      | Reached XP level 10. HP: 71/71 MP: 6/13
 11252 | D:8      | Noticed Grum
 11291 | D:8      | Reached ** piety under Makhleb
 12172 | D:8      | HP: 3/71 [Grum/enchanted halberd (10)]
 12641 | D:8      | Killed Grum
 12889 | D:8      | Noticed Erica
 12991 | D:8      | HP: 3/71 [something (15)]
 12992 | D:8      | Killed from afar by Erica

Vault maps used:
D:1:      giann_bridges, roderic_st_hans_cross, serial_park_tiny_2
D:3:      first_ration, uniq_terence
D:4:      minmay_goblin_kobold_castle, nicolae_ru_awakened_eye, serial_shops,
          shop, uniq_menkaure
D:5:      minmay_temple_entry_enclosed_plants, serial_shops, shop,
          fedhas_altar_1, uniq_edmund
D:6:      minitemple, gup_sewer_entry_glass, minmay_misc_feat_iff, uniq_duvessa
D:7:      lemuel_insect_pit
D:8:      lemuel_upstairs_altar, lemuel_coloured_pillars_altar, uniq_grum,
          uniq_pikel, uniq_erica
Temple:   minmay_temple_bridge_abc
Sewer:    sewer_kobolds

Skill      XL: |  1  2  3  4  5  6  7  8  9 10 |
---------------+-------------------------------+-----
Ice Magic      | 4 5 6 7 9 |  9.9
Fighting       | 4 |  4.0
Dodging        | 6 |  6.0
Polearms       | 4 9 12 | 12.1
Charms         | 4 |  4.0
Conjurations   | 2 |  2.6
Necromancy     | 3 |  3.9
Stealth        | |  2.1
Spellcasting   | |  2.0

Action                   |  1- 3 |  4- 6 |  7- 9 | 10-12 || total
-------------------------+-------+-------+-------+-------++-------
Melee: Dagger            |    70 |   182 |   579 |    90 ||   921
       Tailslap          |       |       |     1 |       ||     1
       Spear             |       |       |       |    21 ||    21
Throw: Tomahawk          |     2 |     3 |       |       ||     5
       Stone             |       |     2 |       |       ||     2
       Javelin           |       |       |     7 |     9 ||    16
 Cast: Freeze            |    34 |    60 |   143 |    66 ||   303
       Ozocubu's Armour  |     2 |    14 |    31 |    11 ||    58
       Throw Frost       |       |       |     2 |     2 ||     4
  Use: Scroll            |       |       |    11 |     6 ||    17
       Potion            |       |       |    10 |     6 ||    16
 Stab: Sleeping          |     4 |     8 |     3 |       ||    15
       Distracted        |       |     1 |       |       ||     1
  Eat: Chunk             |     4 |    13 |    12 |     2 ||    31
       Ration            |       |       |     4 |     2 ||     6
Armor: Robe              |    21 |    83 |    48 |       ||   152
       Leather armour    |       |       |   223 |    66 ||   289
Dodge: Dodged            |    50 |   166 |   625 |   141 ||   982

Table legend:
 A = Spawn XP
 B = Non-spawn XP
 C = Spawn XP percentage of total XP
 D = Spawn monster count
 E = Non-spawn monster count
 F = Spawn count percentage of total count
 G = Total turns spent on level
                    A         B        C        D         E        F      G
               +---------+---------+-------+---------+---------+-------+---------
         Total |       0 |    7214 |   0.0 |       0 |     256 |   0.0 | 12992
               +---------+---------+-------+---------+---------+-------+---------
           D:1 |       0 |      30 |   0.0 |       0 |      15 |   0.0 |  1410
           D:2 |       0 |      75 |   0.0 |       0 |      21 |   0.0 |  1022
           D:3 |       0 |      89 |   0.0 |       0 |      25 |   0.0 |  1321
           D:4 |       0 |     740 |   0.0 |       0 |      85 |   0.0 |  2396
           D:5 |       0 |     946 |   0.0 |       0 |      23 |   0.0 |  1335
           D:6 |       0 |    1182 |   0.0 |       0 |      26 |   0.0 |  2109
           D:7 |       0 |    2010 |   0.0 |       0 |      23 |   0.0 |  1546
           D:8 |       0 |    2009 |   0.0 |       0 |      26 |   0.0 |  1225
         Sewer |       0 |     133 |   0.0 |       0 |      12 |   0.0 |   467
               +---------+---------+-------+---------+---------+-------+---------
